 Dungeon Crawl Stone Soup version 0.29.0-11-gd7f09526c8 (webtiles) character file.

Game seed: 10361321469931307560

23067 gelatine the Blocker (level 12, -4/99 HPs)
             Began as a Demonspawn Fighter on Sept 6, 2022.
             Was the Champion of Qazlal.
             Slain by a skeletal warrior
             ... wielding a +0 glaive
              (17 damage)
             ... on level 13 of the Dungeon.
             The game lasted 00:41:53 (12556 turns).

gelatine the Blocker (Demonspawn Fighter)          Turns: 12556, Time: 00:41:55

Health: -4/99      AC: 24    Str: 27    XL:     12   Next: 68%
Magic:  16/18      EV: 13    Int: 14    God:    Qazlal [******]
Gold:   1018       SH:  8    Dex: 15    Spells: 18/19 levels left

rFire   . . .      SeeInvis .   D - +8 frozen axe "Frostbite" {freezing cloud, *Noise Fly rC+}
rCold   + . .      Faith    .   (shield currently unavailable)
rNeg    . . .      Spirit   .   r - +5 scale mail of Restlessness {rElec Str+6 Int+4 Dex+2}
rPois   +          Reflect  .   s - +1 helmet
rElec   +          Harm     .   f - +1 cloak
rCorr   +          Rampage  .   (no gloves)
Will    .....                   B - +1 pair of boots {Fly}
Stlth   +.........              p - amulet of the acrobat
HPRegen 0.26/turn               m - ring of resist corrosion
MPRegen 0.16/turn               F - ring of poison resistance

@: protected from physical damage, flying, studying Summonings, repel missiles
A: rugged brown scales 2, demonic guardian 2, demonic magic 2, weakness stinger
2
a: Renounce Religion, Upheaval, Elemental Force, Disaster Area


You were on level 13 of the Dungeon.
You worshipped Qazlal.
Qazlal was exalted by your worship.
You visited 2 branches of the dungeon, and saw 14 of its levels.
You also visited: Ossuary and Bailey.

You collected 1174 gold pieces.
You spent 156 gold pieces at shops.

Inventory:

Hand Weapons
 D - the +8 frozen axe "Frostbite" (weapon) {freezing cloud, *Noise Fly rC+}
   (You found it on level 12 of the Dungeon)

   It freezes those it strikes, dealing additional cold damage.
   It can also slow down cold-blooded creatures.
   It occasionally leaves clouds of freezing vapour upon striking a foe.
   It grants immunity to clouds of freezing vapour.
   rC:        It protects you from cold.
   Fly:       It grants you flight.
   *Noise:    It may make noises in combat.
 P - a +2 war axe of venom
Missiles
 h - 55 poisoned darts
 w - 25 boomerangs
 C - 5 datura-tipped darts
 Q - 3 atropa-tipped darts
 S - 2 curare-tipped darts
Armour
 b - the +4 fire dragon scales of Vonei {rF++ rC- Str+3 Slay+3}
   (You took it off an orc warrior in a bailey)

   Str:       It affects your strength (+3).
   Slay:      It affects your accuracy & damage with ranged weapons and melee
   (+3).
   rF:        It greatly protects you from fire.
   rC:        It makes you vulnerable to cold.
 f - a +1 cloak (worn)
 r - the +5 scale mail of Restlessness (worn) {rElec Str+6 Int+4 Dex+2}
   (You took it off a wight on level 8 of the Dungeon)

   Str:       It affects your strength (+6).
   Int:       It affects your intelligence (+4).
   Dex:       It affects your dexterity (+2).
   rElec:     It insulates you from electricity.
 s - a +1 helmet (worn)
 u - the +3 chain mail "Cuwkoam" {Will+}
   (You took it off a kobold in a bailey)

   Will:      It increases your willpower.
 B - a +1 pair of boots of flying (worn)
 I - a +0 pair of boots of stealth
 N - a +0 troll leather armour
 W - the +5 chain mail of Pathos {+Blink Dex+4}
   (You found it on level 9 of the Dungeon)

   Dex:       It affects your dexterity (+4).
   +Blink:    It lets you blink.
Jewellery
 l - a ring of wizardry
 m - a ring of resist corrosion (left hand)
 p - an amulet of the acrobat (around neck)
 F - a ring of poison resistance (right hand)
 H - a ring of fire
 T - a ring of protection from cold
 X - a ring of flight
 Y - a +6 ring of dexterity
Wands
 G - a wand of mindburst (13)
 J - a wand of roots (11)
 K - a wand of polymorph (10)
 R - a wand of flame (20)
Scrolls
 e - a scroll of silence
 i - 4 scrolls of enchant weapon
 o - 3 scrolls of teleportation
 y - 2 scrolls of summoning
 E - a scroll of butterflies
 U - a scroll of blinking
 Z - a scroll of brand weapon
Potions
 a - 3 potions of brilliance
 d - 2 potions of might
 g - 2 potions of heal wounds
 j - 10 potions of curing
 k - a potion of invisibility
 n - 4 potions of flight
 q - 5 potions of haste
 t - 2 potions of cancellation
 v - 2 potions of magic
 z - 3 potions of lignification {unknown}
 A - 4 potions of degeneration {unknown}
 M - 2 potions of mutation {unknown}
 O - 2 potions of attraction {unknown}
 V - 2 potions of resistance {unknown}
Miscellaneous
 x - a phial of floods


   Skills:
 * Level 9.0 Fighting
 + Level 9.1 Axes
 + Level 0.3 Throwing
 * Level 6.5 Armour
 * Level 5.9 Dodging
 + Level 3.5 Stealth
 * Level 9.4 Shields
 + Level 4.4 Spellcasting
 + Level 3.9 Conjurations
 * Level 4.2 Summonings
 + Level 3.6 Air Magic
 * Level 6.8 Invocations
 + Level 3.3 Evocations


You had 18 spell levels left.
You knew the following spells:

 Your Spells              Type           Power      Damage    Failure   Level
a - Shock                 Conj/Air       52%        1d6       9%          1

Your spell library contained the following spells:

 Spells                   Type           Power      Damage    Failure   Level
 Swiftness                Air            13%        N/A       26%         3
 Freeze                   Ice            12%        1d4       36%         1
 Airstrike                Air            6%         2d(1-17)  65%         4
 Frozen Ramparts          Ice            6%         1d1       75%         3
 Summon Ice Beast         Ice/Summ       9%         N/A       85%         4
 Hailstorm                Conj/Ice       8%         3d4       86%         4
 Summon Forest            Summ/Tloc      4%         N/A       99%         5
 Summon Mana Viper        Hex/Summ       9%         N/A       99%         5
 Dispersal                Tloc           1%         N/A       100%        6
 Eringya's Noxious Bog    Tmut/Pois      1%         N/A       100%        6
 Monstrous Menagerie      Summ           7%         N/A       100%        7
 Summon Hydra             Summ           7%         N/A       100%        7
 Disjunction              Tloc           1%         N/A       100%        8


Dungeon Overview and Level Annotations

Branches:
Dungeon (13/15)            Temple (1/1) D:5            Lair (0/5) D:8
    Orc (0/2) D:11        Ossuary (visited)          Bailey (visited)
 Vaults: D:13-14

Altars:
Ashenzari
Cheibriados
Dithmenos
Fedhas
Gozag
Hepliaklqana
Kikubaaqudgha
Makhleb
Nemelex Xobeh
Okawaru
Qazlal
Ru
Sif Muna
Trog
Uskayaw
Vehumet
Wu Jian
Xom
Yredelemnul

Shops:
D:5 !


Innate Abilities, Weirdness & Mutations

You are mostly covered in rugged brown scales. (AC +2, +5% HP)
A demonic guardian rushes to your aid.
Spells you cast may paralyse nearby enemies.
You have a tail ending in a sharp stinger.


Message History

A centaur comes into view.
You block the two-headed ogre's attack. The two-headed ogre misses you.
You dice the two-headed ogre like an onion!!!
You freeze the two-headed ogre.
The two-headed ogre is severely wounded.
You hit the two-headed ogre. You freeze the two-headed ogre.
A centaur comes into view.
The two-headed ogre closely misses you.
The two-headed ogre hits you with a +0 giant club!!
* * * LOW HITPOINT WARNING * * *
A skeletal warrior comes into view. It is wielding a +0 short sword.
The two-headed ogre is engulfed in freezing vapours.
The two-headed ogre hits you with a +0 giant spiked club.
* * * LOW HITPOINT WARNING * * *
You block the two-headed ogre's attack.
The centaur wields a +0 shortbow.
The centaur shoots an arrow.
The arrow closely misses you.
The skeletal warrior is engulfed in blazing flames.
The skeletal warrior hits you from afar with a +0 glaive!
* * * LOW HITPOINT WARNING * * *
A demonic guardian appears!
You feel more protected from physical attacks.
A centaur comes into view.
The centaur wields a +0 shortbow.
The centaur shoots an arrow.
The arrow closely misses your sixfirhy.
The arrow hits the two-headed ogre!
The two-headed ogre dies!
The centaur wields a +0 shortbow.
The centaur shoots an arrow.
The arrow closely misses you.
Your Fighting skill increases to level 9!
Read: scroll of fear
Press: ? - help, Q - select action, (/) - cycle Dir - look around, f - activate Look: a two-headed ogre, wielding a +0 giant spiked club and a +0 giant club (heavily wounded, ally target, chance to affect: 90%)
As you read the scroll of fear, it crumbles to dust.
You assume a fearsome visage.
The two-headed ogre looks frightened!
The centaur looks frightened!
The centaur resists with some effort.
The centaur looks frightened! x2; The skeletal warrior is unaffected. x2
The centaur cries, "Oh dear!
Oh dear!"
The skeletal warrior is engulfed in blazing flames.
The skeletal warrior hits you from afar with a +0 glaive!
You die...

#..# #..# #..#
#### #.. .....
#.. ..... #.#
......
#.########zz.#
#...<.○°.Oc..###
#.....).@○3..c..
#.....○°°...####
#..######...#
#..# ...# #..#
...# #..# ...#
#... .... #...
....c #.###


You could see 2 skeletal warriors, a two-headed ogre (fleeing, ally target), 3
centaurs and a friendly sixfirhy (summoned).

Vanquished Creatures
  A fire dragon (D:11)
  An ogre mage (D:13)
  A boulder beetle (D:7)
  2 two-headed ogres
  A skeletal warrior (D:13)
  A manticore (D:11)
  A cyclops (D:11)
  Joseph (D:7)
  2 unseen horrors (D:11)
  A cane toad (shapeshifter) (D:11)
  4 kobold demonologists
  A freezing wraith (D:12)
  A komodo dragon (D:12)
  2 rime drakes (D:12)
  2 trolls
  3 polar bears
  A wolf spider simulacrum (D:12)
  4 slime creatures
  A vampire (D:12)
  A wraith (D:11)
  18 yaks
  6 vampire mosquitoes
  2 wargs (D:8)
  2 acid dragons
  A water moccasin (shapeshifter) (D:11)
  11 orc warriors
  2 ice beasts
  2 black bears
  An ogre (D:7)
  2 sky beasts
  A wolf (D:9)
  9 centaurs
  3 phantoms
  8 bullfrogs
  8 kobold brigands
  3 necrophages
  6 scorpions
  4 wights
  2 water moccasin zombies (Ossuary)
  A hornet simulacrum (D:9)
  21 killer bees
  7 howler monkeys
  4 jellies
  2 hounds
  A gnoll bouda (D:6)
  4 orc priests
  Crazy Yiuf (D:7)
  12 orc wizards
  4 iguanas
  6 centaur simulacra
  2 mummies (Ossuary)
  10 gnolls
  11 adders
  A shadow imp (D:8)
  6 white imps
  5 ufetubi (D:9)
  7 adder zombies (Ossuary)
  A worm (D:2)
  6 dart slugs
  26 orcs
  2 bats (D:2)
  4 endoplasms
  3 giant cockroaches
  11 goblins
  6 hobgoblins
  4 jackals (D:5)
  8 quokkas
  5 ball pythons
  2 frilled lizards
  5 gnoll zombies (Ossuary)
  4 hobgoblin zombies (Ossuary)
  22 kobolds
  7 kobold zombies (Ossuary)
  5 orc zombies (Ossuary)
  4 rats
353 creatures vanquished.

Vanquished Creatures (collateral kills)
  A tengu warrior (D:12)
  A gargoyle (D:12)
  3 yaks (D:12)
5 creatures vanquished.

Vanquished Creatures (others)
  A two-headed ogre (D:13)
  A vampire (D:12)
  A phantom (D:7)
  A hound (D:5)
  A plant (D:8)
5 creatures vanquished.

Grand Total: 363 creatures vanquished

Notes
Turn   | Place    | Note
-------+----------+-------------------------------------------
     0 | D:1      | gelatine the Demonspawn Fighter began the quest for the
                  | Orb.
     0 | D:1      | Reached XP level 1. HP: 18/18 MP: 1/1
    78 | D:1      | Found a faded altar of an unknown god.
   134 | D:1      | Prayed at the altar of an unknown god.
   134 | D:1      | Became a worshipper of Qazlal Stormbringer
   134 | D:1      | Reached * piety under Qazlal
   161 | D:1      | Gained mutation: You are partially covered in rugged brown
                  | scales. (AC +1, +3% HP) [demonic ancestry]
   161 | D:1      | Reached XP level 2. HP: 13/24 MP: 2/2
  1029 | D:2      | Reached XP level 3. HP: 29/29 MP: 3/3
  1825 | D:3      | Noticed a black bear
  1837 | D:3      | Killed a black bear
  1838 | D:3      | Gained mutation: You have a small tail. [demonic ancestry]
  1838 | D:3      | Reached XP level 4. HP: 5/36 MP: 4/4
  1838 | D:3      | Gained mutation: Spells you cast may paralyse adjacent
                  | enemies. [demonic ancestry]
  1838 | D:3      | Reached XP level 5. HP: 5/42 MP: 5/5
  2610 | D:3      | Reached ** piety under Qazlal
  2772 | D:4      | Found a sand-covered staircase.
  2781 | Ossuary  | Entered an ossuary
  2871 | Ossuary  | Reached skill level 1 in Dodging
  2871 | Ossuary  | Reached XP level 6. HP: 46/49 MP: 6/6
  2927 | Ossuary  | Reached *** piety under Qazlal
  3466 | D:4      | Gained mutation: You have a tail ending in a sharp stinger.
                  | [demonic ancestry]
  3466 | D:4      | Reached XP level 7. HP: 49/56 MP: 7/7
  3657 | D:5      | Entered Level 5 of the Dungeon
  3977 | D:5      | Found Giva's Distillery.
  4138 | D:5      | Bought a potion of heal wounds for 60 gold pieces
  4138 | D:5      | Bought a potion of heal wounds for 60 gold pieces
  4138 | D:5      | Bought a potion of curing for 36 gold pieces
  4183 | D:5      | Found a broken altar of Ashenzari.
  4271 | D:5      | Found a staircase to the Ecumenical Temple.
  4280 | Temple   | Entered the Ecumenical Temple
  4461 | D:5      | Reached skill level 5 in Axes
  4607 | D:5      | Found a burning altar of Makhleb.
  4612 | D:5      | Found a blossoming altar of Fedhas.
  4615 | D:5      | Found a bloodstained altar of Trog.
  4690 | D:6      | Reached **** piety under Qazlal
  4691 | D:6      | Reached skill level 5 in Fighting
  4691 | D:6      | Reached XP level 8. HP: 56/63 MP: 8/8
  4807 | D:6      | Reached skill level 5 in Shields
  5250 | D:6      | Noticed a troll
  5257 | D:6      | Reached skill level 1 in Stealth
  5284 | D:6      | Killed a troll
  5410 | D:6      | Gained mutation: Spells you cast may paralyse nearby
                  | enemies. [demonic ancestry]
  5410 | D:6      | Reached XP level 9. HP: 71/71 MP: 9/9
  5412 | D:6      | Learned a level 1 spell: Shock
  5477 | D:6      | Reached skill level 1 in Invocations
  5716 | D:6      | Reached skill level 1 in Evocations
  6079 | D:6      | Found an ornate altar of the Wu Jian Council.
  6335 | D:7      | Reached skill level 1 in Spellcasting
  6352 | D:7      | Found a flagged portal.
  6363 | D:7      | Noticed a boulder beetle
  6368 | D:7      | Noticed Joseph
  6373 | D:7      | Killed a boulder beetle
  6374 | D:7      | Reached skill level 1 in Conjurations
  6374 | D:7      | Reached skill level 1 in Air Magic
  6438 | D:7      | Killed Joseph
  6439 | D:7      | Gained mutation: A weak demonic guardian rushes to your
                  | aid. [demonic ancestry]
  6439 | D:7      | Reached XP level 10. HP: 63/79 MP: 13/13
  6457 | Bailey   | Entered a bailey
  6632 | Bailey   | Identified the +3 chain mail "Cuwkoam" {Will+}
  6722 | Bailey   | Identified the +4 fire dragon scales of Vonei {rF++ rC-
                  | Str+3 Slay+3}
  7130 | D:7      | Reached ***** piety under Qazlal
  7159 | D:7      | Found a runed translucent door.
  7160 | D:7      | Noticed Crazy Yiuf
  7169 | D:7      | Killed Crazy Yiuf
  8039 | D:8      | Found a sacrificial altar of Ru.
  8041 | D:8      | Found an ancient bone altar of Kikubaaqudgha.
  8242 | D:8      | Identified the +5 scale mail of Restlessness {rElec Str+6
                  | Int+4 Dex+2}
  8337 | D:8      | Found a staircase to the Lair.
  8352 | D:8      | Found a shadowy altar of Dithmenos.
  8605 | D:8      | Reached skill level 5 in Armour
  9180 | D:9      | Gained mutation: You are mostly covered in rugged brown
                  | scales. (AC +2, +5% HP) [demonic ancestry]
  9180 | D:9      | Reached XP level 11. HP: 75/87 MP: 17/17
  9264 | D:9      | Found an opulent altar of Gozag.
  9435 | D:9      | Identified the +5 chain mail of Pathos {+Blink Dex+4}
  9813 | D:10     | Entered Level 10 of the Dungeon
 10131 | D:10     | You are sucked into a shaft and drop 1 floor!
 10147 | D:11     | Reached ****** piety under Qazlal
 10183 | D:11     | Reached skill level 5 in Dodging
 10183 | D:11     | Reached skill level 5 in Invocations
 10196 | D:11     | Noticed a sixfirhy
 10713 | D:11     | Found a staircase to the Orcish Mines.
 10802 | D:11     | Noticed a fire dragon
 10819 | D:11     | Killed a fire dragon
 11148 | D:11     | Noticed a two-headed ogre
 11160 | D:11     | Killed a two-headed ogre
 11235 | D:11     | Reached skill level 1 in Summonings
 11235 | D:11     | Gained mutation: A demonic guardian rushes to your aid.
                  | [demonic ancestry]
 11235 | D:11     | Reached XP level 12. HP: 96/96 MP: 18/18
 11393 | D:12     | Noticed a two-headed ogre
 11404 | D:12     | Killed a two-headed ogre
 11553 | D:12     | Noticed a tengu warrior
 11567 | D:12     | Killed a tengu warrior
 11988 | D:12     | Found the +8 frozen axe "Frostbite" {freezing cloud, *Noise
                  | Fly rC+}
 12544 | D:13     | Noticed an ogre mage
 12549 | D:13     | Noticed a two-headed ogre
 12549 | D:13     | Noticed a two-headed ogre
 12551 | D:13     | Killed an ogre mage
 12555 | D:13     | Killed a two-headed ogre
 12556 | D:13     | Slain by a skeletal warrior

Illustrated notes

Levels and vault maps discovered:
D:1:      reono_arrival_forest_river, layout_rooms,
          hellmonk_ecumenical_altar_zigzags, wad_floor_pattern_2,
          chequers_serial_rivers_room_b
D:2:      layout_basic, basic_altar
D:3:      layout_loops_cross
D:4:      layout_basic, nicolae_ossuary_entry_monument
D:5:      layout_rooms, ashenzari_conservatory_becter,
          minmay_overflow_temple_star_quad, lemuel_temple_firewalk_a,
          serial_shops, shop
D:6:      cheibrodos_barr_body, layout_loops_corners,
          pdpol_wu_jian_five_deadly_venoms
D:7:      layout_basic, enter_bailey_3, nicolae_zen_rock_garden,
          minmay_manual_mess, uniq_crazy_yiuf_cottage, uniq_joseph
D:8:      layout_rooms, chequers_temple_overflow_statue_of_worship,
          grunt_dithmenos_smoke, erik_lair_orcish_takeover, minmay_small_thing
D:9:      layout_loops_ring, mainiacjoe_overflow_paths, serial_ice,
          serial_ice_b, serial_ice_n, serial_ice_j, serial_ice_e, serial_ice_g,
          serial_ice_h, serial_ice_a, serial_ice_o
D:10:     cheibrodos_steamvent, layout_basic, uniq_maggie
D:11:     kennysheep_blocky_room, layout_long_grid, orc_0_dummy
D:12:     minmay_coctagon, layout_small_grid, chequers_mini_garden,
          minivault_22, item_on_display_a
D:13:     layout_long_grid, david_vaults_2, special_room [special_room_orc],
          kennysheep_diamond
Temple:   nicolae_temple_ecumenical_triangle

Skill      XL: |  1  2  3  4  5  6  7  8  9 10 11 12 |
---------------+-------------------------------------+-----
Axes           | 2 3 4 5 6 7 8 9 |  9.1
Armour         | 3 4 5 6 |  6.5
Shields        | 3 4 5 6 7 8 9 |  9.4
Dodging        | 1 2 3 4 5 |  5.9
Fighting       | 4 5 6 8 9 |  9.0
Stealth        | 1 2 3 |  3.5
Invocations    | 2 4 5 6 |  6.8
Evocations     | 2 3 |  3.3
Spellcasting   | 2 4 |  4.4
Conjurations   | 2 3 |  3.9
Air Magic      | 1 3 |  3.6
Summonings     | 1 4 |  4.2
Throwing       | |  0.3

Action                   |  1- 3 |  4- 6 |  7- 9 | 10-12 || total
-------------------------+-------+-------+-------+-------++-------
Melee: War axe           |    93 |   180 |   259 |   444 ||   976
       Tailslap          |       |    18 |    43 |    96 ||   157
       Executioner's axe |       |       |       |    14 ||    14
Throw: Dart              |     3 |       |       |     1 ||     4
       Boomerang         |       |       |     2 |       ||     2
       Throwing net      |       |       |       |     1 ||     1
 Cast: Shock             |       |       |    24 |    85 ||   109
  Use: Scroll            |     1 |     5 |     5 |    14 ||    25
       Potion            |       |       |     8 |     1 ||     9
 Stab: Paralysed         |       |       |     6 |    36 ||    42
Armor: Scale mail        |    55 |    79 |   101 |   168 ||   403
       Troll leather arm |       |       |     7 |     2 ||     9
       Fire dragon scale |       |       |       |    25 ||    25
Dodge: Dodged            |    47 |    54 |   163 |   280 ||   544
       Repelled          |       |       |       |     4 ||     4
Block: Buckler           |    40 |    56 |   155 |   388 ||   639
       Other             |       |       |       |     9 ||     9
